Map: [ESL] Goldenaura

Players

GunGFuBanDa

  • Race: Protoss Protoss
  • Spawn Location: 12:00

SKillous - Winner!

  • Race: Protoss Protoss
  • Spawn Location: 5:00

Event: ESL SC2 Masters 2023 Winter (Regional)

VOD

Have the link to the VOD?

Description

Time

  • Played on: Nov. 3, 2023, 9:45 a.m.
  • Length: 5:35

All games in this series

Show
View Real Time Build Order
Export as new Build Order

GunGFuBanDa Protoss 

Build Orders: Oracle Opening 

Get SALT Encoding   

  12  0:00  Probe  
  13  0:12  Probe  
  14  0:17  Pylon  
  14  0:24  Probe (Chrono Boost)  
  15  0:36  Probe (Chrono Boost)  
  15  0:37  Gateway  
  16  0:44  Probe (Chrono Boost)  
  16  0:46  Assimilator  
  17  0:51  Probe  
  17  0:54  Assimilator  
  18  1:03  Probe (Chrono Boost)  
  19  1:08  Gateway  
  19  1:13  Probe (Chrono Boost)  
  19  1:18  Probe (Chrono Boost)  
  20  1:25  Cybernetics Core  
  21  1:29  Probe  
  22  1:36  Pylon  
  22  1:41  Probe  
  23  1:54  Probe  
  24  2:01  Stalker  
  24  2:02  Stalker  
  24  2:03  Warp Gate  
  28  2:12  Probe  
  28  2:14  Pylon  
  29  2:25  Stargate  
  29  2:36  Stalker  
  31  2:38  Stalker  
  32  3:05  Nexus  
  32  3:11  Oracle (Chrono Boost)  
  32  3:17  Probe  
  36  3:29  Pylon  
  36  3:35  Cybernetics Core  
  39  3:58  Pylon  
  37  4:16  Pylon, Probe  
  34  4:18  Pylon  
  34  4:21  Oracle (Chrono Boost), Pylon  
  34  4:23  Pylon  
  34  4:28  Probe  
  33  4:34  Shield Battery  
  33  4:42  Stalker  
  35  4:46  Shield Battery  
  35  4:56  Void Ray (Chrono Boost)  
  37  5:05  Gateway  
Show
View Real Time Build Order
Export as new Build Order

SKillous Protoss - Winner!

Build Orders:  

Get SALT Encoding   

  12  0:00  Probe  
  13  0:12  Probe  
  14  0:17  Pylon  
  14  0:24  Probe  
  15  0:36  Gateway  
  15  0:37  Probe (Chrono Boost)  
  16  0:46  Assimilator, Probe (Chrono Boost)  
  17  0:51  Probe (Chrono Boost)  
  17  0:54  Assimilator  
  18  1:03  Probe (Chrono Boost)  
  19  1:09  Gateway  
  19  1:13  Probe (Chrono Boost)  
  19  1:17  Probe (Chrono Boost)  
  20  1:23  Cybernetics Core  
  21  1:29  Probe  
  22  1:32  Pylon  
  22  1:41  Probe  
  24  1:54  Probe  
  24  1:58  Warp Gate  
  24  1:59  Stalker x2  
  28  2:07  Pylon  
  28  2:29  Stalker x2  
  31  2:53  Nexus  
  31  2:55  Probe  
  32  2:59  Sentry x2  
  36  3:07  Probe  
  37  3:15  Twilight Council  
  37  3:19  Probe  
  38  3:22  Pylon  
  38  3:31  Probe  
  39  3:42  Pylon  
  39  3:46  Stalker x2  
  40  3:57  Shield Battery  
  40  4:04  Probe  
  36  4:20  Stalker  
  37  4:28  Stalker  
  37  4:29  Probe  
  41  4:41  Probe  
  41  4:45  Probe  
  42  4:53  Probe  
  42  4:58  Stalker  
  45  5:01  Stalker  
  45  5:03  Probe  
  48  5:10  Probe  
  49  5:15  Probe  
  50  5:22  Probe  
  50  5:23  Stalker  
Tags
 
Add a new tag
Caveats
  • Supply blocks, unpowered buildings, or Contaminate may cause inaccurate times.
  • Supply counts are checked every 10 seconds.